 Dungeon Crawl Stone Soup version 0.31-a0-210-gccc998df9b (webtiles) character file.

Game seed: 1346821890642493293

203 qw the Shield-Bearer (level 5, 23/32 HPs)
             Began as a Gargoyle Fighter on June 29, 2023.
             Quit the game on level 3 of the Dungeon.
             The game lasted 00:02:33 (2929 turns).

qw the Shield-Bearer (Gargoyle Fighter)             Turns: 2929, Time: 00:02:33

Health: 23/32      AC: 13    Str: 21    XL:     5   Next: 81%
Magic:  5/5        EV:  5    Int:  9    God:
Gold:   120        SH: 12    Dex:  9    Spells: 4/4 levels left

rFire   . . .        Y - +0 war axe
rCold   . . .        j - +0 tower shield
rNeg    + . .        e - +0 chain mail
rPois   inf          (no helmet)
rElec   +            (no cloak)
rCorr   +            (no gloves)
SInv    .            (no boots)
Will    .....        (no amulet) Stlth
                     a - ring of resist corrosion
HPRegen 0.25/turn    (no ring)
MPRegen 0.09/turn

%: no passive effects
@: no status effects
A: sickness immunity, AC +4, negative energy resistance 1, electricity
resistance, torment resistance 1, petrification resistance
a: no special abilities


You were on level 3 of the Dungeon.
You visited 1 branch of the dungeon, and saw 4 of its levels.

You collected 120 gold pieces.


Innate Abilities, Weirdness & Mutations

You are immune to sickness and miasma.
Your stone body is resilient. (AC +4)
You are immune to poison.
You resist negative energy. (rN+)
You are resistant to electric shocks. (rElec)
You are resistant to unholy torment.
You are immune to petrification.


   Skills:
 - Level 3.2 Fighting
 - Level 3.2 Axes
 - Level 3.2 Armour
 + Level 6.0 Shields


You had 4 spell levels left.
You didn't know any spells.
Your spell library was empty.

Inventory:

Hand Weapons
 c - a +0 flail
 Y - a +0 war axe (weapon)
Armour
 e - a +0 chain mail (worn)
 j - a +0 tower shield (worn)
Jewellery
 a - a ring of resist corrosion (left hand)
Scrolls
 m - a scroll of identify
Potions
 b - a potion of mutation
 d - 4 potions of might
 f - 2 potions of curing
 g - a potion of haste
 h - a potion of heal wounds
 i - a potion of lignification {unknown}

Dungeon Overview and Level Annotations

Branches:
Dungeon (4/15)
 Temple: D:4-7

Altars:
Hepliaklqana
Trog
Vehumet

Annotations:
D:3 exclusions: 2 goblins and 3 kobolds


Message History

The hound bites you but does no damage. You block the hound's attack.
You hit the hound.
The hound is moderately wounded.
You block the hound's attack. x2; The hound bites you but does no damage.
You barely miss the hound.
The hound is moderately wounded.
You block the hound's attack. x2
You hit the hound but do no damage.
The hound is moderately wounded.
You block the hound's attack. The hound bites you.
The hound completely misses you.
You hit the hound but do no damage.
The hound is moderately wounded.
You block the hound's attack. x2
You completely miss the hound.
The hound is moderately wounded.
The hound bites you but does no damage. x2
You closely miss the hound.
The hound is moderately wounded.
The hound bites you but does no damage. You block the hound's attack.
The hound bites you but does no damage.
You hit the hound.
The hound is heavily wounded.
The hound bites you but does no damage. You block the hound's attack.
You hit the hound but do no damage.
The hound is heavily wounded.
The hound bites you. The hound barely misses you.
The hound bites you but does no damage.
You closely miss the hound.
The hound is heavily wounded.
The hound bites you but does no damage. You block the hound's attack.
You hit the hound but do no damage.
The hound is heavily wounded.
The hound bites you but does no damage. You block the hound's attack.
You closely miss the hound.
The hound is heavily wounded.
You block the hound's attack. The hound bites you but does no damage.
The hound bites you.
Options error: Missing colour in message_colour setting: 'then' Are you sure you want to abandon this character and quit the game? (Confirm with "yes".)

##.## #..##<...##.## #..# #..###
#.###.#####..# #..#
###...###.....# ##.####.##
..........##### #.##....######
####......### #####.............
##....##)..####.....~~~~~.~~~¤~.
#...#.####...##.....~###~.~###~.
#.#.#..# ###...))...~# #¤.~# #~¤
##...##.## #....@h...~###~¤¤###¤¤
#..####..# #....[)...~~~~~¤¤¤~~¤¤
...# ##.# #..............¤¤.....
.#.## #.#######.....~~~~~.¤¤~¤~¤
....####..# #.....~###~.~###¤¤
......###.### #.....¤# #~¤~# #¤.
..##........## #.....~###~.~###~.
.####........######..~~~¤¤.¤~~~~.
## #####)))...#####¤............


You could see a hound.

Vanquished Creatures
  An orc priest (D:3)
  An orc wizard (D:3)
  4 gnolls (D:3)
  2 adders
  4 dart slugs
  11 orcs
  3 bats
  6 endoplasms
  A giant cockroach (D:1)
  5 goblins (D:3)
  4 hobgoblins
  2 jackals (D:1)
  8 kobolds
  A quokka (D:2)
  9 ball pythons
  5 frilled lizards
  8 rats
75 creatures vanquished.

Vanquished Creatures (others)
  A frilled lizard (D:1)
1 creature vanquished.

Grand Total: 76 creatures vanquished

Notes
Turn   | Place    | Note
-------+----------+-------------------------------------------
     0 | D:1      | qw the Gargoyle Fighter began the quest for the Orb.
     0 | D:1      | Reached XP level 1. HP: 14/14 MP: 1/1
     0 | D:1      | 0 ||| qw: Version: 0.3-a-24-g62f9e04
     0 | D:1      | 0 ||| qw: Game counter: 6730
     0 | D:1      | 0 ||| qw: Melee chars always use a shield: true
     0 | D:1      | 0 ||| qw: God list: Okawaru
     0 | D:1      | 0 ||| qw: Allow faded altars: false
     0 | D:1      | 0 ||| qw: Do Orc after clearing Dungeon:15 true
     0 | D:1      | 0 ||| qw: Do second Lair branch before Depths: true
     0 | D:1      | 0 ||| qw: Lair rune preference: random
     0 | D:1      | 0 ||| qw: Goals: Normal, Zot:1-4, Slime:5, God:TSO, Crypt,
                  | Tomb, Abyss, Pan, Hells, Win
     0 | D:1      | 0 ||| PLANNING D:1-11
   308 | D:1      | 308 ||| Stepping ~*~*~tactically~*~*~ (hiding).
   311 | D:1      | 311 ||| Stepping ~*~*~tactically~*~*~ (hiding).
   452 | D:1      | Reached XP level 2. HP: 19/19 MP: 2/2
   835 | D:1      | Reached skill level 3 in Axes
   869 | D:1      | Reached XP level 3. HP: 23/23 MP: 3/3
  1186 | D:1      | 1186 ||| UPGRADING to +0 tower shield.
  1196 | D:1      | 1196 ||| DROPPING +0 buckler.
  1197 | D:1      | 1197 ||| DROPPING ring of flight.
  1198 | D:1      | 1198 ||| READING scroll labelled GOVOSYUSODGH.
  1199 | D:1      | 1199 ||| READING scroll labelled VIUBROBB ZALALOZ.
  1200 | D:1      | 1200 ||| READING scroll labelled PEOG XYCYURHIASH.
  1201 | D:1      | 1201 ||| READING scroll labelled SAET PAIRIY.
  1202 | D:1      | 1202 ||| DRINKING 3 blue potions.
  1548 | D:2      | Found a faded altar of an unknown god.
  1610 | D:2      | Found a hazy altar of Hepliaklqana.
  1652 | D:2      | 1652 ||| Stepping ~*~*~tactically~*~*~ (hiding).
  1774 | D:2      | Reached skill level 4 in Shields
  1787 | D:2      | 1787 ||| DROPPING +0 whip.
  1919 | D:2      | 1919 ||| UPGRADING to +0 chain mail.
  1929 | D:2      | 1929 ||| DROPPING +0 scale mail.
  1930 | D:2      | 1930 ||| UPGRADING to ring of resist corrosion.
  1931 | D:2      | 1931 ||| READING scroll labelled MAORILO SANUP.
  1932 | D:2      | 1932 ||| READING scroll labelled SIUKOU ISMYU.
  1933 | D:2      | 1933 ||| READING scroll labelled LIOCOIR HISIWA.
  1937 | D:2      | 1937 ||| DRINKING 2 clear potions.
  1938 | D:2      | 1938 ||| DRINKING 2 potions of curing.
  1938 | D:2      | 1938 ||| (to cure confusion)
  1939 | D:2      | 1939 ||| READING 2 scrolls of identify.
  1939 | D:2      | 1939 ||| IDENTIFYING bubbling red potion
  1940 | D:2      | 1940 ||| DROPPING potion of ambrosia.
  1973 | D:3      | 1973 ||| Stepping ~*~*~tactically~*~*~ (stealth).
  1985 | D:3      | Reached XP level 4. HP: 18/28 MP: 4/4
  1993 | D:3      | HP: 4/28 [gnoll/+0 spear (7)]
  2043 | D:3      | 2043 ||| FLEEEEING.
  2045 | D:3      | 2045 ||| STAIRDANCE
  2127 | D:3      | Reached skill level 5 in Shields
  2127 | D:3      | Reached XP level 5. HP: 14/32 MP: 5/5
  2219 | D:3      | 2219 ||| DROPPING +0 mace.
  2495 | D:3      | 2495 ||| FLEEEEING.
  2496 | D:3      | 2496 ||| FLEEEEING.
  2551 | D:3      | Found a radiant altar of Vehumet.
  2824 | D:3      | Found a bloodstained altar of Trog.
  2828 | D:3      | 2828 ||| DRINKING 2 bubbling purple potions.
  2852 | D:3      | 2852 ||| PLANNING D:1-11
  2880 | D:3      | 2880 ||| READING 2 scrolls of identify.
  2880 | D:3      | 2880 ||| IDENTIFYING golden potion
  2897 | D:4      | 2897 ||| STAIRDANCE
  2900 | D:3      | Reached skill level 6 in Shields
  2915 | D:4      | 2915 ||| STAIRDANCE
  2929 | D:3      | Quit the game

Levels and vault maps discovered:
D:1:      minmay_arrival_widening_spiral_narrow, layout_basic,
          chequers_decorated_corner, lemuel_flame_loot_1
D:2:      layout_loops_ring, basic_ecumenical_altar, basic_altar
D:3:      layout_rooms, mainiacjoe_overflow_chevrons, trog_hazing_becter,
          minmay_misc_feat_tiny, kennysheep_boxes
D:4:      layout_loops_ring, worldfamousw_hep_ancestral_shrine,
          mainiacjoe_overflow_concentric_impassable, minmay_misc_feat_iff

Skill      XL: |  1  2  3  4  5 |
---------------+----------------+-----
Axes           | 2 3 |  3.2
Shields        | 4 5 6 |  6.0
Fighting       | |  3.2
Armour         | |  3.2

Action                     |  1- 3 |  4- 6 || total
---------------------------+-------+-------++-------
  Melee: War axe           |   113 |    98 ||   211
    Use: Scroll            |     8 |     1 ||     9
         Potion            |     3 |     1 ||     4
 Armour: Scale mail        |    39 |       ||    39
         Chain mail        |    10 |    49 ||    59
  Dodge: Dodged            |    41 |    30 ||    71
  Block: Buckler           |     8 |       ||     8
         Tower shield      |    32 |    96 ||   128

Table legend:
 A = Non-vault XP
 B = Vault XP
 C = Vault XP percentage of total XP
 D = Non-vault monster count
 E = Vault monster count
 F = Vault count percentage of total count
                 A         B        C        D         E       F
            +---------+---------+-------+---------+---------+-------
      Total |     282 |       8 |   2.8 |      71 |       4 |   5.3
            +---------+---------+-------+---------+---------+-------
        D:1 |      44 |       0 |   0.0 |      26 |       0 |   0.0
        D:2 |      36 |       0 |   0.0 |      14 |       0 |   0.0
        D:3 |     193 |       8 |   4.0 |      28 |       4 |  12.5
        D:4 |       9 |       0 |   0.0 |       3 |       0 |   0.0
            +---------+---------+-------+---------+---------+-------
